 Dungeon Crawl Stone Soup version 0.28-a0-1506-g3893175d92 (webtiles) character file.

Game seed: 14278502706884369161

22 HallandMoats the Skirmisher (level 2, 26/26 HPs)
             Began as a Ghoul Fighter on Jan 14, 2022.
             Was a Follower of Yredelemnul.
             Safely got out of the dungeon.
             The game lasted 00:00:53 (883 turns).

HallandMoats the Skirmisher (Ghoul Fighter)          Turns: 883, Time: 00:00:54

Health: 26/26      AC:  6    Str: 19    XL:     2   Next: 91%
Magic:  1/1        EV:  9    Int:  3    God:    Yredelemnul [*.....]
Gold:   35         SH:  4    Dex:  8    Spells: 1/1 levels left

rFire   . . .      SeeInvis .   a - +0 long sword
rCold   + . .      Faith    .   c - +0 buckler
rNeg    + + +      Spirit   .   b - +0 scale mail
rPois   ∞          Reflect  .   (no helmet)
rElec   .          Harm     .   (no cloak)
rCorr   .          Rampage  .   (no gloves)
Will    .....                   (no boots)
Stlth   ..........              (no amulet)
HPRegen 0.08/turn               (no ring)
MPRegen 0.07/turn               (no ring)

@: no status effects
A: claws 1, cold resistance 1, negative energy resistance 3, inhibited
regeneration, torment resistance 2
a: Renounce Religion, Recall Undead Harvest


You escaped.
You worshipped Yredelemnul.
Yredelemnul was noncommittal.
You visited 1 branch of the dungeon, and saw 1 of its levels.

You collected 35 gold pieces.

Inventory:

Hand Weapons
 a - a +0 long sword (weapon)
Armour
 b - a +0 scale mail (worn)
 c - a +0 buckler (worn)
Scrolls
 e - a scroll of fear {unknown}
 f - a scroll of amnesia {unknown}
Potions
 d - a potion of might
 g - a potion of flight {unknown}


   Skills:
 * Level 3.6 Fighting
 * Level 2.1 Long Blades
 + Level 2.8 Armour
 + Level 0.3 Dodging
 * Level 3.0 Shields


You had one spell level left.
You didn't know any spells.
Your spell library was empty.

Dungeon Overview and Level Annotations

Branches:
Dungeon (1/15)

Altars:
Yredelemnul

Shops:
D:1 =


Innate Abilities, Weirdness & Mutations

You thrive by killing the living.
You are immune to poison.
You have sharp fingernails.
Your flesh is cold resistant. (rC+)
You are immune to negative energy. (rN+++)
You do not regenerate when monsters are visible.
You are immune to unholy pain and torment.


Message History

Key pressed, stopping explore.
No target in view!
Unknown command.
A nearby fungus withers and dies.
Key pressed, stopping explore.
No target in view!
There is an open door here.
Key pressed, stopping explore.
Unknown command.
No target in view!
Key pressed, stopping explore.
Unknown command.
No target in view!
Unknown command.
You see here a +0 robe.
Done exploring.
No target in view!
Unknown command.
Done exploring.
No target in view!
Done exploring.
Unknown command.
No target in view!
Unknown command.
Done exploring.
No target in view!
Done exploring.
Unknown command.
No target in view!
Done exploring.
Unknown command.
No target in view!
Unknown command.
Done exploring.
There is a staircase leading out of the dungeon here.
You swap places.
There is a staircase leading out of the dungeon here.
You can't go down here!
Are you sure you want to leave the Dungeon?
This will make you lose the game!
You have escaped!

#.....# #.## #....
####### #..# #....
####.## ######....
#.....# #.........
#.##..## #......ZZ.
#......## #.......##
#.P...P.# #......Z..
#...Z...# ######'###
#..Z@Z..# #.#
#...Z...# #.#
#.P...P.# ######.###
##...Z.## #...Z.....
###..######...[.....
##....Z.Z........)
########.........
#.........
#.........


You could see 3 friendly bat zombies, a friendly ball python zombie and a
friendly adder zombie.

Vanquished Creatures
  A ball python (D:1)
  2 bats (D:1)
  An endoplasm (D:1)
  A giant cockroach (D:1)
  3 goblins (D:1)
  A hobgoblin (D:1)
  3 kobolds (D:1)
  4 rats (D:1)
16 creatures vanquished.

Vanquished Creatures (collateral kills)
  A hobgoblin (D:1)
  2 bats (D:1)
  A rat (D:1)
4 creatures vanquished.

Vanquished Creatures (others)
  6 fungi (D:1)
  4 plants (D:1)
10 creatures vanquished.

Grand Total: 30 creatures vanquished

Notes
Turn   | Place    | Note
-------+----------+-------------------------------------------
     0 | D:1      | HallandMoats the Ghoul Fighter began the quest for the Orb.
     0 | D:1      | Reached XP level 1. HP: 19/19 MP: 0/0
   175 | D:1      | Reached XP level 2. HP: 23/26 MP: 1/1
   368 | D:1      | Found Gias Gac's Jewellery Emporium.
   495 | D:1      | Found a faded altar of an unknown god.
   510 | D:1      | Prayed at the altar of an unknown god.
   510 | D:1      | Became a worshipper of Yredelemnul the Dark
   510 | D:1      | Reached * piety under Yredelemnul
   883 | D:$      | Safely got out of the dungeon.

Illustrated notes

Levels and vault maps discovered:
D:1:      dpeg_arrival_orchard, layout_basic, dreamdust_ecumenical_altar_grove,
          serial_shops, shop, minmay_bisected

Skill      XL: |  1  2 |
---------------+-------+-----
Long Blades    | 2 |  2.1
Shields        | 3 |  3.0
Fighting       | |  3.6
Armour         | |  2.8
Dodging        | |  0.3

Action                   || total
-------------------------++-------
Melee: Long sword        ||    56
Armor: Scale mail        ||    31
Dodge: Dodged            ||    26
Block: Buckler           ||    17

Table legend: (Time is in decaauts)
 A = Elapsed time spent in this place.
 B = Non-inter-level travel time spent in this place.
 C = Inter-level travel time spent in this place.
 D = Time resting spent in this place.
 E = Time spent auto-exploring this place.
 F = Levels seen in this place.
 G = Mean time per level.
                   A        B        C        D        E       F      G
               +--------+--------+--------+--------+--------+-----+--------+
         Total |    902 |    902 |      0 |      0 |    751 |   1 |  902.0 |
       Dungeon |    902 |    902 |      0 |      0 |    751 |   1 |  902.0 |
               +--------+--------+--------+--------+--------+-----+--------+

Top non-repeatable levels by time:
     D:1: 902 daAuts
